 Dungeon Crawl Stone Soup version 0.29-a0-338-g1ff7896281 (webtiles) character file.

Game seed: 4792897049191656119

7313 greenreed the Magician (level 11, -8/81 HPs)
             Began as a Gnoll Air Elementalist on Apr 17, 2022.
             Was a Believer of Sif Muna.
             Killed from afar by a steam dragon (18 damage)
             ... with a ball of steam
             ... on level 10 of the Dungeon on Apr 18, 2022.
             The game lasted 00:44:02 (15201 turns).

greenreed the Magician (Gnoll Air Elementalist)    Turns: 15201, Time: 00:44:05

Health: -8/81      AC:  3    Str:  9    XL:     11   Next: 13%
Magic:  12/22      EV: 15    Int: 24    God:    Sif Muna [**....]
Gold:   592        SH:  0    Dex: 14    Spells: 4/25 levels left

rFire   . . .      SeeInvis .   d - +5 halberd (freeze)
rCold   . . .      Faith    .   (shield currently unavailable)
rNeg    . . .      Spirit   .   a - +0 robe
rPois   .          Reflect  .   (no helmet)
rElec   +          Harm     .   K - +0 cloak
rCorr   .          Rampage  .   (no gloves)
Will    .....                   (no boots)
Stlth   ++++......              (no amulet)
HPRegen 0.23/turn               g - +6 ring of intelligence
MPRegen 0.18/turn               A - ring of wizardry

@: no status effects
A: fangs 1, strong nose, distributed training, electricity resistance, strong 1
a: Renounce Religion, Channel Magic


You were on level 10 of the Dungeon.
You worshipped Sif Muna.
Sif Muna was pleased with you.
You visited 2 branches of the dungeon, and saw 11 of its levels.
You also visited: Sewer.

You collected 592 gold pieces.

Inventory:

Hand Weapons
 d - a +5 halberd of freezing (weapon)
 f - a +2 hand axe of distortion
 z - a +1 rapier of electrocution
 C - a +2 flail of holy wrath
 L - a +2 dagger of venom
Missiles
 e - 2 throwing nets
 q - 38 poisoned darts
Armour
 a - a +0 robe (worn)
 K - a +0 cloak (worn)
 N - a +2 ring mail of cold resistance
Jewellery
 g - a +6 ring of intelligence (left hand)
 A - a ring of wizardry (right hand)
Wands
 r - a wand of digging (10)
 J - a wand of iceblast (9)
 M - a wand of flame (7)
 O - a wand of polymorph (6)
Scrolls
 c - 4 scrolls of fog
 i - 2 scrolls of amnesia
 k - a scroll of fear {unknown}
 l - 2 scrolls of enchant armour {unknown}
 m - 2 scrolls of vulnerability
 n - 5 scrolls of teleportation
 o - 3 scrolls of immolation
 p - a scroll of blinking {unknown}
 y - a scroll of acquirement {unknown}
 D - 2 scrolls of torment {unknown}
 G - 2 scrolls of enchant weapon {unknown}
 H - a scroll of magic mapping {unknown}
 I - a scroll of holy word {unknown}
 Q - a scroll of identify
Potions
 b - 5 potions of magic
 h - 2 potions of brilliance {unknown}
 j - 3 potions of curing
 s - a potion of cancellation {unknown}
 t - a potion of experience {unknown}
 u - 2 potions of flight
 v - a potion of lignification {unknown}
 w - 2 potions of attraction {unknown}
 x - 3 potions of degeneration
 B - a potion of resistance {unknown}
 E - a potion of might {unknown}
 F - 2 potions of invisibility {unknown}
 P - a potion of haste {unknown}
 R - 2 potions of mutation


   Skills:
 + Level 6.0 Fighting
 + Level 6.0 Short Blades
 + Level 6.0 Long Blades
 + Level 6.0 Axes
 + Level 6.0 Maces & Flails
 + Level 6.0 Polearms
 + Level 6.0 Staves
 + Level 6.0 Slings
 + Level 6.0 Bows
 + Level 6.0 Crossbows
 + Level 6.0 Throwing
 + Level 6.0 Armour
 + Level 7.6 Dodging
 + Level 7.4 Stealth
 + Level 6.0 Shields
 + Level 6.0 Unarmed Combat
 + Level 7.9 Spellcasting
 + Level 5.4 Conjurations
 + Level 5.0 Hexes
 + Level 5.0 Summonings
 + Level 5.0 Necromancy
 + Level 5.0 Translocations
 + Level 5.0 Transmutations
 + Level 5.0 Fire Magic
 + Level 5.0 Ice Magic
 + Level 7.5 Air Magic
 + Level 5.0 Earth Magic
 + Level 5.0 Poison Magic
 + Level 6.6 Invocations
 + Level 6.0 Evocations


You had 4 spell levels left.
You knew the following spells:

 Your Spells              Type           Power      Damage    Failure   Level
a - Shock                 Conj/Air       100%       1d9       1%          1
b - Static Discharge      Conj/Air       40%        N/A       1%          2
c - Swiftness             Air            45%        N/A       1%          3
d - Passwall              Tmut/Erth      27%        N/A       1%          2
e - Stone Arrow           Conj/Erth      68%        3d11      1%          3
f - Summon Forest         Summ/Tloc      16%        N/A       10%         5
g - Summon Mana Viper     Hex/Summ       33%        N/A       10%         5

Your spell library contained the following spells:

 Spells                   Type           Power      Damage    Failure   Level
 Sandblast                Erth           66%        2d15      1%          1
 Conjure Flame            Conj/Fire      34%        6-21      1%          3
 Ignite Poison            Fire/Tmut/Pois 33%        N/A       1%          3
 Airstrike                Air            22%        N/A       1%          4
 Sticky Flame             Conj/Fire      34%        2d5       3%          4
 Summon Cactus Giant      Summ           16%        N/A       45%         6


Dungeon Overview and Level Annotations

Branches:
Dungeon (10/15)            Temple (1/1) D:4           Sewer (visited)
   Lair: D:8-11         Orc: D:9-12

Altars:
Ashenzari
Cheibriados
Dithmenos
Elyvilon
Kikubaaqudgha
Okawaru
Sif Muna
Trog
Uskayaw
Vehumet
Xom
Yredelemnul

Annotations:
D:6 Maggie


Innate Abilities, Weirdness & Mutations

You have very sharp teeth.
Your uncanny sense of smell can sniff out nearby items.
Your experience applies equally to all skills.
You are resistant to electric shocks. (rElec)
Your muscles are strong. (Str +2)


Message History

The zap misses the orc warrior.
The troll misses you. The troll completely misses you. The troll claws you.
Casting: Shock (safe; 1% risk of failure)
Confirm with . or Enter, or press ? or * to list all spells.
Aiming: Shock (safe; 1% risk of failure)
Press: ? - help, Shift-Dir - straight line, f/p - troll
Aim: a troll (severely wounded, 74% to hit)
The zap hits the troll!
The troll is almost dead.
The zap hits the cyclops.
The cyclops is severely wounded.
The zap hits the steam dragon.
The steam dragon is heavily wounded.
The zap misses the orc warrior.
The troll bites you! The troll closely misses you. The troll barely misses you.
Casting: Shock (safe; 1% risk of failure)
Confirm with . or Enter, or press ? or * to list all spells.
Aiming: Shock (safe; 1% risk of failure)
Press: ? - help, Shift-Dir - straight line, f/p - troll
Aim: a troll (almost dead, 74% to hit)
The zap hits the troll.
The troll is almost dead.
The zap hits the cyclops!
The cyclops is almost dead.
The zap hits the steam dragon.
The steam dragon is heavily wounded.
The zap hits the orc warrior.
The orc warrior is lightly wounded.
An orc warrior opens the door.
The troll bites you!
* * * LOW HITPOINT WARNING * * *
The troll closely misses you. x2
There is an open door here.
The troll attacks as you move away! The troll closely misses you.
The troll claws you!
* * * LOW HITPOINT WARNING * * *
The troll claws you.
* * * LOW HITPOINT WARNING * * *
The steam dragon breathes steam at you. The ball of steam hits you!!
You die...

... ............###..
... ...........##....
#.# ##.####...###....
#.####+####...#....>.
#o'.......+.#........
#.#D≈...≈.###........
#.#§≈._.≈.# #.....##.
#C#.§...≈.###.#)..###
#.T.@.....'...##..##.
######+####...#......
#.#..........?..
#...............
###........)....
####........##.
#.........####.
#.##...8...###.
#........#.....


You could see a cyclops, a troll and a steam dragon (catching breath).

Vanquished Creatures
  A boulder beetle (D:10)
  Pikel (D:6)
  Joseph (D:9)
  Psyche (D:9)
  A kobold demonologist (D:10)
  A hornet (D:9)
  2 wyverns (D:9)
  Eustachio (D:4)
  2 steam dragons (D:8)
  Edmund (D:5)
  2 water moccasins
  2 sky beasts
  2 orc warriors (D:10)
  2 ice beasts (D:6)
  3 black bears
  An ogre (D:5)
  3 centaurs
  2 phantoms
  2 lemures (D:6)
  4 bullfrogs
  4 kobold brigands
  2 gnoll sergeants
  3 scorpions
  3 wights (D:9)
  4 killer bees (D:9)
  A nameless horror (D:10)
  2 electric eels (D:7)
  2 jellies
  A hound (D:6)
  3 orc priests
  4 iguanas
  Jessica (D:3)
  13 orc wizards
  11 adders
  8 gnolls
  A river rat (Sewer)
  2 shadow imps
  4 ufetubi
  5 worms
  3 dart slugs
  24 orcs
  13 ball pythons
  3 bats
  10 endoplasms
  4 giant cockroaches
  A goblin (D:4)
  8 hobgoblins
  2 jackals (D:1)
  25 kobolds
  5 quokkas
  13 rats
220 creatures vanquished.

Vanquished Creatures (collateral kills)
  A two-headed ogre (D:10)
1 creature vanquished.

Vanquished Creatures (others)
  2 orc wizards (D:7)
  A snaplasher vine (D:10)
3 creatures vanquished.

Grand Total: 224 creatures vanquished

Notes
Turn   | Place    | Note
-------+----------+-------------------------------------------
     0 | D:1      | greenreed the Gnoll Air Elementalist began the quest for
                  | the Orb.
     0 | D:1      | Reached XP level 1. HP: 13/13 MP: 6/6
   191 | D:1      | Reached XP level 2. HP: 19/19 MP: 0/7
   285 | D:1      | Learned a level 2 spell: Static Discharge
   864 | D:1      | Reached XP level 3. HP: 21/25 MP: 2/9
   948 | D:1      | Found a faded altar of an unknown god.
   975 | D:1      | Reached skill level 5 in Spellcasting
  1485 | D:2      | Reached skill level 1 in Invocations
  1910 | D:3      | Found a radiant altar of Vehumet.
  1928 | D:3      | Noticed Jessica
  1931 | D:3      | Killed Jessica
  1932 | D:3      | Reached skill level 1 in Fighting
  1932 | D:3      | Reached skill level 1 in Short Blades
  1932 | D:3      | Reached skill level 1 in Long Blades
  1932 | D:3      | Reached skill level 1 in Axes
  1932 | D:3      | Reached skill level 1 in Maces & Flails
  1932 | D:3      | Reached skill level 1 in Polearms
  1932 | D:3      | Reached skill level 1 in Staves
  1932 | D:3      | Reached skill level 1 in Slings
  1932 | D:3      | Reached skill level 1 in Bows
  1932 | D:3      | Reached skill level 1 in Crossbows
  1932 | D:3      | Reached skill level 1 in Throwing
  1932 | D:3      | Reached skill level 1 in Armour
  1932 | D:3      | Reached skill level 1 in Shields
  1932 | D:3      | Reached skill level 1 in Unarmed Combat
  1932 | D:3      | Reached skill level 1 in Evocations
  1932 | D:3      | Reached XP level 4. HP: 32/32 MP: 8/11
  2252 | D:3      | Reached skill level 1 in Hexes
  2252 | D:3      | Reached skill level 1 in Summonings
  2252 | D:3      | Reached skill level 1 in Necromancy
  2252 | D:3      | Reached skill level 1 in Translocations
  2252 | D:3      | Reached skill level 1 in Transmutations
  2252 | D:3      | Reached skill level 1 in Fire Magic
  2252 | D:3      | Reached skill level 1 in Ice Magic
  2252 | D:3      | Reached skill level 1 in Earth Magic
  2252 | D:3      | Reached skill level 1 in Poison Magic
  2569 | D:3      | Reached XP level 5. HP: 34/37 MP: 7/12
  2617 | D:3      | Found a glowing drain.
  2621 | Sewer    | Entered a sewer
  2892 | Sewer    | Noticed a kobold brigand
  2898 | Sewer    | Killed a kobold brigand
  2899 | Sewer    | Reached XP level 6. HP: 44/44 MP: 5/13
  3193 | Sewer    | Reached skill level 5 in Dodging
  3298 | Sewer    | Gained mutation: Your mind is acute. (Int +2) [potion of
                  | mutation]
  3298 | Sewer    | Gained mutation: You have a somewhat thin skeletal
                  | structure. (Dex +2, Stealth+) [potion of mutation]
  3655 | D:3      | Found a shimmering blue altar of Sif Muna.
  3700 | D:3      | Became a worshipper of Sif Muna the Loreminder
  4197 | D:4      | Found a staircase to the Ecumenical Temple.
  4249 | D:4      | Reached XP level 7. HP: 39/50 MP: 2/15
  4269 | D:4      | Noticed Eustachio
  4381 | D:4      | Killed Eustachio
  4475 | Temple   | Entered the Ecumenical Temple
  4641 | D:5      | Entered Level 5 of the Dungeon
  4655 | D:5      | Learned a level 3 spell: Swiftness
  4741 | D:5      | Learned a level 2 spell: Passwall
  4745 | D:5      | Learned a level 3 spell: Stone Arrow
  4766 | D:5      | Reached skill level 5 in Stealth
  5018 | D:5      | Reached XP level 8. HP: 48/57 MP: 6/16
  5125 | D:5      | Lost mutation: Your mind is acute. (Int +2) [potion of
                  | mutation]
  5125 | D:5      | Lost mutation: You have a somewhat thin skeletal structure.
                  | (Dex +2, Stealth+) [potion of mutation]
  5125 | D:5      | Gained mutation: You are resistant to electric shocks.
                  | (rElec) [potion of mutation]
  5125 | D:5      | Gained mutation: Your muscles are strong. (Str +2) [potion
                  | of mutation]
  5172 | D:5      | Noticed Edmund
  5179 | D:5      | Killed Edmund
  5698 | D:5      | Reached * piety under Sif Muna
  6408 | D:6      | Noticed Pikel
  6779 | D:6      | Killed Pikel
  6780 | D:6      | Reached XP level 9. HP: 33/65 MP: 5/18
  7244 | D:7      | Noticed Maggie
  7905 | D:7      | Reached skill level 5 in Invocations
  8103 | D:7      | Found a snail-covered altar of Cheibriados.
  8163 | D:7      | Found a bloodstained altar of Trog.
  9279 | D:8      | Reached XP level 10. HP: 73/73 MP: 7/20
 10035 | D:8      | Reached skill level 5 in Fighting
 10035 | D:8      | Reached skill level 5 in Short Blades
 10035 | D:8      | Reached skill level 5 in Long Blades
 10035 | D:8      | Reached skill level 5 in Axes
 10035 | D:8      | Reached skill level 5 in Maces & Flails
 10035 | D:8      | Reached skill level 5 in Polearms
 10035 | D:8      | Reached skill level 5 in Staves
 10035 | D:8      | Reached skill level 5 in Slings
 10035 | D:8      | Reached skill level 5 in Bows
 10035 | D:8      | Reached skill level 5 in Crossbows
 10035 | D:8      | Reached skill level 5 in Throwing
 10035 | D:8      | Reached skill level 5 in Armour
 10035 | D:8      | Reached skill level 5 in Shields
 10035 | D:8      | Reached skill level 5 in Unarmed Combat
 10035 | D:8      | Reached skill level 5 in Evocations
 10401 | D:8      | Reached ** piety under Sif Muna
 11320 | D:9      | Reached skill level 5 in Conjurations
 11453 | D:9      | Noticed Psyche
 11459 | D:9      | Killed Psyche
 11619 | D:9      | Noticed Joseph
 13889 | D:9      | Killed Joseph
 14151 | D:10     | Entered Level 10 of the Dungeon
 14197 | D:10     | Found a white marble altar of Elyvilon.
 14228 | D:10     | Noticed a two-headed ogre
 14236 | D:10     | Learned a level 5 spell: Summon Forest
 14242 | D:10     | Learned a level 5 spell: Summon Mana Viper
 14248 | D:10     | Killed a two-headed ogre
 14349 | D:10     | Noticed a kobold demonologist
 14361 | D:10     | Killed a kobold demonologist
 14362 | D:10     | Reached XP level 11. HP: 59/81 MP: 12/22
 14677 | D:10     | Noticed a boulder beetle
 14732 | D:10     | Killed a boulder beetle
 14733 | D:10     | Reached skill level 5 in Hexes
 14733 | D:10     | Reached skill level 5 in Summonings
 14733 | D:10     | Reached skill level 5 in Necromancy
 14733 | D:10     | Reached skill level 5 in Translocations
 14733 | D:10     | Reached skill level 5 in Transmutations
 14733 | D:10     | Reached skill level 5 in Fire Magic
 14733 | D:10     | Reached skill level 5 in Ice Magic
 14733 | D:10     | Reached skill level 5 in Earth Magic
 14733 | D:10     | Reached skill level 5 in Poison Magic
 15168 | D:10     | Found a shimmering altar of Xom.
 15182 | D:10     | Noticed a cyclops
 15201 | D:10     | Killed from afar by a steam dragon

Illustrated notes

Levels and vault maps discovered:
D:1:      lemuel_arrival_funnel, layout_basic,
          shapermc_ecumenical_altar_starsandcircs, kennysheep_decorative_pillar
D:2:      layout_rooms, kennysheep_generic_room_11
D:3:      layout_rooms, kennysheep_orc_sif_temple,
          mainiacjoe_overflow_boulevard, gup_sewer_entry_spiral, uniq_jessica
D:4:      layout_basic, minmay_temple_entry_stoned_glass, minmay_cupped,
          uniq_eustachio
D:5:      layout_loops_ring, uniq_edmund
D:6:      layout_loops_ring, grunt_ministairs_9, uniq_pikel
D:7:      wad_river_or_something, layout_rooms, trog_book, cheibriados_altar_1,
          enter_bailey_2, uniq_maggie
D:8:      layout_basic
D:9:      layout_cave_pools, uniq_joseph, uniq_psyche
D:10:     layout_cave_pools, old_standard_altar,
          mainiacjoe_overflow_six_doors_small, serial_column_ruins,
          column_ruins_open_tiny, column_ruins_grid_2,
          column_ruins_corridor_water, column_ruins_columns_corner,
          column_ruins_grid_1, column_ruins_open_medium,
          column_ruins_columns_straight, st_stairs_1
Temple:   eino_temple_scatter_basement

Skill      XL: |  1  2  3  4  5  6  7  8  9 10 11 |
---------------+----------------------------------+-----
Conjurations   | 2 3 4 5 |  5.4
Spellcasting   | 5 6 7 |  7.9
Invocations    | 1 2 3 4 5 6 |  6.6
Fighting       | 1 2 4 5 6 |  6.0
Short Blades   | 1 2 4 5 6 |  6.0
Long Blades    | 1 2 4 5 6 |  6.0
Axes           | 1 2 4 5 6 |  6.0
Maces & Flails | 1 2 4 5 6 |  6.0
Polearms       | 1 2 4 5 6 |  6.0
Staves         | 1 2 4 5 6 |  6.0
Slings         | 1 2 4 5 6 |  6.0
Bows           | 1 2 4 5 6 |  6.0
Crossbows      | 1 2 4 5 6 |  6.0
Throwing       | 1 2 4 5 6 |  6.0
Armour         | 1 2 4 5 6 |  6.0
Shields        | 1 2 4 5 6 |  6.0
Unarmed Combat | 1 2 4 5 6 |  6.0
Evocations     | 1 2 4 5 6 |  6.0
Hexes          | 1 2 3 4 5 |  5.0
Summonings     | 1 2 3 4 5 |  5.0
Necromancy     | 1 2 3 4 5 |  5.0
Translocations | 1 2 3 4 5 |  5.0
Transmutations | 1 2 3 4 5 |  5.0
Fire Magic     | 1 2 3 4 5 |  5.0
Ice Magic      | 1 2 3 4 5 |  5.0
Earth Magic    | 1 2 3 4 5 |  5.0
Poison Magic   | 1 2 3 4 5 |  5.0
Dodging        | 5 6 7 |  7.6
Stealth        | 5 6 7 |  7.4
Air Magic      | 6 7 |  7.5

Action                   |  1- 3 |  4- 6 |  7- 9 | 10-12 || total
-------------------------+-------+-------+-------+-------++-------
Melee: Unarmed           |     9 |       |       |       ||     9
       Flail             |       |       |     5 |     2 ||     7
       Halberd           |       |       |       |    19 ||    19
       Bite              |       |       |       |     4 ||     4
 Cast: Shock             |    75 |   127 |   146 |   132 ||   480
       Static Discharge  |       |    12 |     7 |    18 ||    37
       Stone Arrow       |       |       |    55 |    47 ||   102
       Passwall          |       |       |     3 |       ||     3
       Summon Forest     |       |       |       |     3 ||     3
       Summon Mana Viper |       |       |       |     1 ||     1
  Use: Scroll            |       |     4 |     1 |     2 ||     7
       Potion            |       |     4 |     1 |       ||     5
 Stab: Distracted        |       |       |       |     3 ||     3
Armor: Robe              |     3 |     4 |    16 |     5 ||    28
Dodge: Dodged            |    16 |    13 |    78 |    79 ||   186

Table legend: (Time is in decaauts)
 A = Elapsed time spent in this place.
 B = Non-inter-level travel time spent in this place.
 C = Inter-level travel time spent in this place.
 D = Time resting spent in this place.
 E = Time spent auto-exploring this place.
 F = Levels seen in this place.
 G = Mean time per level.
                   A        B        C        D        E       F      G
               +--------+--------+--------+--------+--------+-----+--------+
         Total |  15339 |  14769 |    570 |   2079 |  10916 |  12 | 1278.2 |
       Dungeon |  14496 |  13938 |    558 |   2035 |  10272 |  10 | 1449.6 |
        Temple |     28 |     16 |     12 |      0 |     11 |   1 |   28.0 |
         Sewer |    814 |    814 |      0 |     44 |    632 |   1 |  814.0 |
               +--------+--------+--------+--------+--------+-----+--------+

Top non-repeatable levels by time:
     D:8: 3555 daAuts
     D:6: 1751 daAuts
     D:7: 1538 daAuts
     D:9: 1484 daAuts
     D:1: 1346 daAuts
     D:5: 1194 daAuts
     D:3: 1111 daAuts
    D:10: 1052 daAuts
     D:4: 900 daAuts
   Sewer: 814 daAuts
     D:2: 563 daAuts
  Temple: 28 daAuts
